 Dungeon Crawl Stone Soup version 0.30-a0-576-g89cddaab80 (webtiles) character file.

Game seed: 13097488007059127576

10415 experimilk the Destroyer (level 11, -9/123 HPs)
             Began as a Grey Draconian Conjurer on Dec 30, 2022.
             Was a Priest of Vehumet.
             Mangled by a manticore (12 damage)
             ... on level 11 of the Dungeon.
             The game lasted 00:37:39 (18484 turns).

experimilk the Destroyer (Grey Draconian Conjurer) Turns: 18484, Time: 00:37:39

Health: -9/123     AC: 15    Str:  9    XL:     11   Next: 35%
Magic:  7/24       EV: 12    Int: 23    God:    Vehumet [***...]
Gold:   431        SH:  4    Dex: 10    Spells: 5/28 levels left

rFire   . . .      SeeInvis .    r - +2 whip (elec)
rCold   . . .      Faith    .    h - +0 buckler
rNeg    . . .      Spirit   .    (body armour unavailable)
rPois   .          Reflect  .    (helmet restricted)
rElec   .          Harm     .    x - +0 cloak
rCorr   +          Rampage  .    n - +0 pair of gloves
Will    .....                    t - +0 pair of boots Stlth
                                 (no amulet)
HPRegen 0.40/turn                c - ring of resist corrosion
MPRegen 0.19/turn                w - ring of wizardry

@: berserking (expiring), very quick
A: AC +12, amphibious, unfitting armour, cold-blooded
a: Renounce Religion


You were on level 11 of the Dungeon.
You worshipped Vehumet.
Vehumet was most pleased with you.
You visited 2 branches of the dungeon, and saw 12 of its levels.
You also visited: Sewer.

You collected 476 gold pieces.
You spent 45 gold pieces at shops.

Inventory:

Hand Weapons
 r - a +2 whip of electrocution (weapon)
 A - a +2 whip of venom
Armour
 h - a +0 buckler (worn)
 n - a +0 pair of gloves (worn)
 t - a +0 pair of boots (worn)
 x - a +0 cloak (worn)
 B - the +1 Delatra's gloves {ID++}
   (You found it on level 6 of the Dungeon)

   It heals its wearer when they drink unknown potions.
   It restores its wearer's MP when they read unknown scrolls.
Magical Staves
 d - a staff of earth
Jewellery
 c - a ring of resist corrosion (left hand)
 w - a ring of wizardry (right hand)
 M - a ring of willpower
Wands
 a - a wand of flame (49)
 y - a wand of charming (15)
Scrolls
 b - a scroll of amnesia {unknown}
 e - a scroll of silence
 g - 2 scrolls of teleportation
 i - a scroll of fog
 m - 3 scrolls of torment
 o - 2 scrolls of noise {unknown}
 s - 2 scrolls of fear {unknown}
 v - a scroll of immolation
 z - 2 scrolls of brand weapon
 D - 3 scrolls of blinking
 E - 2 scrolls of enchant armour
 K - a scroll of identify
Potions
 f - 4 potions of curing
 j - 3 potions of mutation
 k - 4 potions of haste
 l - 3 potions of invisibility
 p - 3 potions of might
 q - a potion of brilliance
 u - 3 potions of resistance
 C - a potion of magic
 F - 2 potions of lignification
 H - 5 potions of heal wounds
 I - a potion of flight {unknown}
Miscellaneous
 J - a condenser vane (inert)
 L - a phantom mirror


   Skills:
 - Level 3.0 Fighting
 - Level 2.9 Dodging
 - Level 1.7 Stealth
 - Level 3.0 Shields
 - Level 9.0 Spellcasting
 + Level 13.1 Conjurations
 * Level 2.3 Translocations
 * Level 7.7 Earth Magic
 * Level 1.5 Evocations


You had 5 spell levels left.
You knew the following spells:

 Your Spells              Type           Power      Damage    Failure   Level
a - Magic Dart            Conj           100%       1d8       1%          1
b - Iskenderun's Battles  Conj           63%        2d11      1%          5
c - Searing Ray           Conj           100%       2d8       1%          2
d - Iron Shot             Conj/Erth      27%        9d6       2%          6
q - Passwall              Tmut/Erth      23%        N/A       1%          2
x - Iskenderun's Mystic   Conj/Tloc      45%        2d10      1%          4
z - Stone Arrow           Conj/Erth      100%       3d13      1%          3

Your spell library contained the following spells:

 Spells                   Type           Power      Damage    Failure   Level
 Static Discharge         Conj/Air       80%        2-6/arc   1%          2
 Kiss of Death            Conj/Necr      100%       2d13      1%          1
 Sandblast                Erth           92%        2d19      1%          1
 Poisonous Vapours        Pois/Air       20%        N/A       1%          2
 Dazzling Flash           Conj/Hex       80%        N/A       1%          3
 Mephitic Cloud           Conj/Pois/Air  30%        N/A       1%          3
 Fulminant Prism          Conj/Hex       20%        3d12      1%          4
 Cigotuvi's Dreadful Rot  Necr/Pois/Air  20%        N/A       4%          2
 Confusing Touch          Hex            10%        N/A       10%         3
 Passage of Golubria      Tloc           21%        N/A       12%         4
 Dispel Undead            Necr           10%        3d9       32%         4
 Blade Hands              Tmut           5%         N/A       63%         5
 Silence                  Hex/Air        5%         N/A       63%         5
 Starburst                Conj/Fire      20%        6d7       10%         6
 Spellforged Servitor     Conj/Summ      20%        N/A       41%         7
 Lehudib's Crystal Spear  Conj/Erth      27%        10d7      54%         8
 Animate Armour           Summ/Erth      Unusable   N/A       N/A         4

Dungeon Overview and Level Annotations

Branches:
Dungeon (11/15)            Temple (1/1) D:5            Lair (0/5) D:11
    Orc (0/2) D:9           Sewer (visited)

Altars:
Cheibriados
Elyvilon
Gozag
Hepliaklqana
Kikubaaqudgha
Makhleb
Nemelex Xobeh
Okawaru
Qazlal
Ru
Sif Muna
Trog
Uskayaw
Vehumet
Wu Jian
Xom
Yredelemnul
The Shining One

Shops:
D:4 [   D:6 [   D:10 :   D:11 !

Annotations:
D:9 4 transporters


Innate Abilities, Weirdness & Mutations

Your dull iron-grey scales are very hard. (AC +12)
You are amphibious.
You cannot fit into any form of body armour.
You are cold-blooded and may be slowed by cold attacks.


Message History

The orc wizard gestures at you while chanting.
You easily resist.
The ice devil hits you but does no damage.
You barely miss the ice devil.
The ice devil is heavily wounded.
The manticore bites you but does no damage.
The manticore barely misses you.
The manticore claws you but does no damage.
You block the orc priest's attack.
The ice devil hits you but does no damage.
You hit the ice devil but do no damage.
The ice devil is heavily wounded.
You barely miss the ice devil.
The ice devil is heavily wounded.
You block the manticore's attack.
The manticore claws you but does no damage. x2
The orc priest calls down the wrath of Beogh upon you.
Beogh smites you!
* * * LOW HITPOINT WARNING * * *
The orc priest calls down the wrath of Beogh upon you.
Beogh smites you!
* * * LOW HITPOINT WARNING * * *
The ice devil hits you but does no damage.
The orc priest hits you but does no damage.
You whack the ice devil! You tail-slap the ice devil.
The ice devil is severely wounded.
The manticore barely misses you. The manticore misses you.
The manticore claws you but does no damage.
The orc priest completely misses you.
The orc priest looks encouraged for a moment.
The ice devil hits you.
* * * LOW HITPOINT WARNING * * *
The ice devil freezes you!
* * * LOW HITPOINT WARNING * * *
You block the orc wizard's attack.
You barely miss the ice devil.
You tail-slap the ice devil, but do no damage.
The ice devil is severely wounded.
The manticore bites you!
You die...

....♣♣##.........'..∩.
....P..#.........#≈≈.#
...................≈.# ..........
...................#'#...........
...............).....o...........
[................................
.4...............o...............
#4.....##..#....oo.#....^........
#...>.##....#.)4@o#..... #.#.....
##.............H...#....# #...[<.
##.#.#.............P....###...#.
##...#...........P.....P.##....
##.###...#.......P.......##...
### #...##.....P..PP....#...#
##.###......P.P......#.##
####....P..####.....#.#
##.<.P...#>.#.).....#


You could see a manticore, an ice devil, 3 orc priests, an orc wizard and an
orc.

Vanquished Creatures
  A fire dragon (D:11)
  A two-headed ogre (D:10)
  A soul eater (D:11)
  Pikel (D:7)
  3 kobold demonologists
  A troll (D:10)
  Sigmund (D:5)
  2 shadows
  8 yaks
  Grum (D:8)
  2 steam dragons (D:8)
  Edmund (D:5)
  A water moccasin (D:7)
  2 acid dragons (D:10)
  A swamp drake (D:9)
  7 orc warriors
  3 black bears
  2 ice beasts
  A sky beast (D:7)
  An ogre (D:7)
  4 centaurs
  4 wolves (D:8)
  Blork the orc (D:4)
  4 kobold brigands
  4 bullfrogs
  6 scorpions
  A necrophage (D:8)
  2 gnoll sergeants
  3 howler monkeys (D:10)
  3 quasits (D:11)
  A jelly (D:6)
  5 hounds
  5 orc priests
  Crazy Yiuf (D:7)
  11 iguanas
  10 orc wizards
  12 gnolls
  18 adders
  4 river rats
  A shadow imp (D:7)
  3 white imps
  An ufetubus (D:4)
  3 dart slugs
  2 worms
  46 orcs
  5 ball pythons
  6 bats
  6 endoplasms
  6 giant cockroaches
  4 goblins
  4 hobgoblins
  3 jackals
  5 quokkas
  3 frilled lizards
  22 kobolds
  10 rats
270 creatures vanquished.

Vanquished Creatures (others)
  An orc wizard (D:8)
  2 demonic plants (D:11)
  9 fungi (D:11)
  17 plants
29 creatures vanquished.

Grand Total: 299 creatures vanquished

Notes
Turn   | Place    | Note
-------+----------+-------------------------------------------
     0 | D:1      | experimilk the Draconian Conjurer began the quest for the
                  | Orb.
     0 | D:1      | Reached XP level 1. HP: 14/14 MP: 3/3
   344 | D:1      | Reached XP level 2. HP: 22/22 MP: 1/5
   518 | D:1      | Reached skill level 1 in Fighting
  1531 | D:2      | Reached XP level 3. HP: 28/28 MP: 1/6
  1534 | D:2      | Learned a level 2 spell: Searing Ray
  1927 | D:2      | Reached XP level 4. HP: 34/36 MP: 2/7
  1935 | D:2      | Reached skill level 5 in Conjurations
  3558 | D:4      | Noticed a centaur
  3590 | D:4      | Killed a centaur
  3591 | D:4      | Reached XP level 5. HP: 12/42 MP: 5/9
  3752 | D:4      | Found Sali's Armour Shoppe.
  3847 | D:4      | Noticed Blork the orc
  3855 | D:4      | Killed Blork the orc
  3856 | D:4      | Reached skill level 6 in Conjurations
  3856 | D:4      | Reached XP level 6. HP: 47/51 MP: 1/10
  3955 | D:4      | Found a glowing drain.
  3959 | Sewer    | Entered a sewer
  4326 | Sewer    | Reached skill level 7 in Conjurations
  5465 | D:4      | Reached skill level 1 in Shields
  5465 | D:4      | Your scales start taking on a dull iron-grey colour.
  5465 | D:4      | Reached XP level 7. HP: 57/57 MP: 0/12
  5469 | D:4      | Learned a level 3 spell: Stone Arrow
  6243 | D:4      | Found a burning altar of Makhleb.
  6594 | D:5      | Entered Level 5 of the Dungeon
  7328 | D:5      | Reached skill level 8 in Conjurations
  7395 | D:5      | Noticed Edmund
  7896 | D:5      | Killed Edmund
  7897 | D:5      | Reached XP level 8. HP: 45/63 MP: 1/14
  8295 | D:5      | Noticed Sigmund
  8299 | D:5      | Killed Sigmund
  8409 | D:5      | Found a staircase to the Ecumenical Temple.
  8426 | Temple   | Entered the Ecumenical Temple
  8461 | Temple   | Became a worshipper of Vehumet
  8598 | D:4      | Bought a +0 pair of boots for 45 gold pieces
  8806 | D:6      | Reached skill level 9 in Conjurations
  8956 | D:6      | Reached skill level 5 in Spellcasting
  8959 | D:6      | Learned a level 2 spell: Passwall
  8965 | D:6      | Learned a level 5 spell: Iskenderun's Battlesphere
  9078 | D:6      | Reached skill level 1 in Earth Magic
 10693 | D:6      | Found Irofrydgh's Armour Emporium.
 10859 | D:6      | Found the +1 Delatra's gloves {ID++}
 11168 | D:7      | Reached XP level 9. HP: 69/69 MP: 5/17
 11747 | D:7      | Reached skill level 5 in Earth Magic
 11949 | D:7      | Found a bloodstained altar of Trog.
 11949 | D:7      | Found a sacrificial altar of Ru.
 11957 | D:7      | Found a faded altar of an unknown god.
 11958 | D:7      | Noticed Pikel
 11960 | D:7      | Found a shimmering altar of Xom.
 11964 | D:7      | Killed Pikel
 11965 | D:7      | Reached skill level 10 in Conjurations
 11966 | D:7      | Found a basalt altar of Yredelemnul.
 12081 | D:7      | Found a runed translucent door.
 12082 | D:7      | Noticed Crazy Yiuf
 12115 | D:7      | Reached * piety under Vehumet
 12115 | D:7      | Offered knowledge of Freeze by Vehumet.
 12223 | D:7      | Learned a level 6 spell: Iron Shot
 13055 | D:7      | Killed Crazy Yiuf
 13130 | D:8      | Noticed Grum
 13701 | D:8      | Found a hazy altar of Hepliaklqana.
 13701 | D:8      | Found a shimmering blue altar of Sif Muna.
 13701 | D:8      | Found a stormy altar of Qazlal.
 13819 | D:8      | Reached skill level 11 in Conjurations
 13916 | D:8      | Reached XP level 10. HP: 77/77 MP: 7/20
 14369 | D:8      | Killed Grum
 15014 | D:9      | Found a transporter.
 15037 | D:9      | Found a transporter.
 15288 | D:9      | Reached ** piety under Vehumet
 15288 | D:9      | Offered knowledge of Scorch by Vehumet.
 15952 | D:9      | Found a staircase to the Orcish Mines.
 16121 | D:9      | Found a transporter.
 16197 | D:9      | Found a transporter.
 16407 | D:10     | Entered Level 10 of the Dungeon
 16458 | D:10     | Reached skill level 12 in Conjurations
 16542 | D:10     | Found Kountitoli's Self-Improvement Boutique.
 16617 | D:10     | Offered knowledge of Static Discharge by Vehumet.
 16742 | D:10     | Reached *** piety under Vehumet
 17302 | D:10     | Noticed a two-headed ogre
 17308 | D:10     | Killed a two-headed ogre
 17309 | D:10     | Reached XP level 11. HP: 82/82 MP: 10/23
 17504 | D:11     | Noticed a soul eater
 17510 | D:11     | Killed a soul eater
 17511 | D:11     | Reached skill level 13 in Conjurations
 17787 | D:10     | Learned a level 4 spell: Iskenderun's Mystic Blast
 17798 | D:11     | Reached skill level 1 in Translocations
 18128 | D:11     | Found a staircase to the Lair.
 18440 | D:11     | Noticed a fire dragon
 18448 | D:11     | Killed a fire dragon
 18449 | D:11     | Reached skill level 1 in Evocations
 18457 | D:11     | Noticed a sun demon
 18463 | D:11     | Found Mimpum's Distillery.
 18483 | D:11     | HP: 3/123 [ice devil (14)]
 18484 | D:11     | Mangled by a manticore

Illustrated notes

Levels and vault maps discovered:
D:1:      heliophobic_arrival_glass_houses, layout_basic,
          minmay_misc_feat_columns
D:2:      layout_basic, minmay_tetromino_l2
D:3:      layout_basic
D:4:      layout_loops_corners, makhleb_heckhound_becter,
          gup_sewer_entry_spiral, serial_shops, nicolae_take_the_stairs,
          uniq_blork_the_orc
D:5:      layout_basic, minmay_temple_entry_gardened_gates, uniq_sigmund,
          uniq_edmund
D:6:      layout_cave_pools, serial_shops, kennysheep_little_box,
          reono_crystal_passage, chequers_jeans, pf_guarded_unrand_delatra
D:7:      layout_gridville, chequers_temple_overflow_minitemple,
          kennysheep_generic_room_13, uniq_crazy_yiuf_cottage, uniq_pikel
D:8:      hellmonk_destroyed_diamonds, layout_basic,
          gammafunk_temple_overflow_claw, eino_small_chamber_without_monster,
          hangedman_decor_diamond_cutter, uniq_grum
D:9:      layout_basic, erik_orc_1, nicolae_transporter_intersection
D:10:     layout_cave_pools, nicolae_shop_self_help
D:11:     layout_cross, grunt_lair_entry_orc_guard_hut, serial_demonic,
          serial_demonic_e, serial_demonic_b, serial_demonic_g,
          serial_demonic_c, serial_demonic_b, serial_demonic_e,
          serial_demonic_b, serial_demonic_e, serial_shops,
          nicolae_shop_hallway_plus
Temple:   nicolae_temple_bog_church

Skill      XL: |  1  2  3  4  5  6  7  8  9 10 11 |
---------------+----------------------------------+-----
Fighting       | 1 2 3 |  3.0
Conjurations   | 5 6 7 8 9 11 12 13 | 13.1
Spellcasting   | 3 4 5 7 8 9 |  9.0
Shields        | 1 2 3 |  3.0
Earth Magic    | 4 5 7 |  7.7
Dodging        | 2 |  2.9
Translocations | 2 |  2.3
Evocations     | 1 |  1.5
Stealth        | |  1.7

Action                   |  1- 3 |  4- 6 |  7- 9 | 10-12 || total
-------------------------+-------+-------+-------+-------++-------
Melee: Unarmed           |    18 |       |       |       ||    18
       Tailslap          |     3 |     5 |     3 |     5 ||    16
       Short sword       |     1 |       |       |       ||     1
       Dagger            |    13 |    38 |       |       ||    51
       Whip              |       |    10 |    42 |    24 ||    76
       Staff             |       |       |     5 |       ||     5
 Cast: Magic Dart        |    61 |    54 |    51 |   111 ||   277
       Searing Ray       |     5 |    31 |       |       ||    36
       Stone Arrow       |       |       |   110 |    63 ||   173
       Iskenderun's Batt |       |       |    59 |    39 ||    98
Evoke: Condenser vane    |       |       |       |     1 ||     1
  Use: Scroll            |       |     1 |    14 |     7 ||    22
       Potion            |       |       |     2 |     1 ||     3
Armor: Skin              |    15 |    31 |    36 |    34 ||   116
Dodge: Dodged            |    27 |    49 |    49 |    33 ||   158
Block: Buckler           |     1 |    11 |    12 |    14 ||    38

Table legend: (Time is in decaauts)
 A = Elapsed time spent in this place.
 B = Non-inter-level travel time spent in this place.
 C = Inter-level travel time spent in this place.
 D = Time resting spent in this place.
 E = Time spent auto-exploring this place.
 F = Levels seen in this place.
 G = Mean time per level.
                   A        B        C        D        E       F      G
               +--------+--------+--------+--------+--------+-----+--------+
         Total |  18673 |  18037 |    636 |   4314 |  11699 |  13 | 1436.4 |
       Dungeon |  17068 |  16445 |    623 |   4009 |  10705 |  11 | 1551.6 |
        Temple |     49 |     36 |     13 |      0 |     19 |   1 |   49.0 |
         Sewer |   1555 |   1555 |      0 |    305 |    975 |   1 | 1555.0 |
               +--------+--------+--------+--------+--------+-----+--------+

Top non-repeatable levels by time:
     D:7: 2268 daAuts
     D:4: 2240 daAuts
     D:6: 2155 daAuts
     D:5: 1989 daAuts
   Sewer: 1555 daAuts
     D:9: 1505 daAuts
     D:8: 1475 daAuts
     D:1: 1454 daAuts
    D:10: 1280 daAuts
     D:3: 1057 daAuts
     D:2: 846 daAuts
    D:11: 794 daAuts
  Temple: 49 daAuts
